 Dungeon Crawl Stone Soup version 0.26-a0-639-g72c4674329 (webtiles) character file.

Game seed: 12865988265388995852

12595 Borgoz the Basher (level 11, -1/71 HPs)
             Began as a Gargoyle Berserker on Sept 20, 2020.
             Was a High Priest of Trog.
             Slain by a stone giant (18 damage)
             ... on level 11 of the Dungeon.
             The game lasted 00:25:15 (12536 turns).

Borgoz the Basher (Gargoyle Berserker)             Turns: 12536, Time: 00:25:16

Health: -1/71      AC: 24    Str: 21    XL:     11   Next: 95%
Magic:  11/11      EV: 14    Int:  8    God:    Trog [*****.]
Gold:   706        SH:  0    Dex: 12    Spells: 10/10 levels left

rFire    . . .     SeeInvis +   I - +4 great mace
rCold    + . .     Faith    .   (shield currently unavailable)
rNeg     + . .     Spirit   .   D - +2 scale mail {rC+}
rPois    ∞         Reflect  .   f - +2 helmet
rElec    +         Harm     .   a - +0 cloak
rCorr    +         Rampage  .   (no gloves)
MR       .....                  K - +0 pair of boots (curse)
Stlth    ..........             (no amulet)
HPRegen  0.21/turn              t - ring of resist corrosion
MPRegen  0.12/turn              L - ring of see invisible

@: no status effects
A: negative energy resistance 1, electricity resistance, unbreathing,
petrification resistance, rot immunity, AC +8
a: Berserk, Trog's Hand, Brothers in Arms, Renounce Religion


You were on level 11 of the Dungeon.
You worshipped Trog.
Trog was extremely pleased with you.
You visited 1 branch of the dungeon, and saw 11 of its levels.
You also visited: Ossuary.

You collected 842 gold pieces.
You spent 136 gold pieces at shops.

Inventory:

Hand Weapons
 I - a +4 great mace (weapon)
Armour
 a - a +0 cloak (worn)
 f - a +2 helmet (worn)
 B - a +2 buckler
 D - a +2 scale mail of cold resistance (worn)
 K - a cursed +0 pair of boots (worn)
Jewellery
 t - a ring of resist corrosion (left hand)
 L - a ring of see invisible (right hand)
Wands
 v - a wand of enslavement (5)
 w - a wand of iceblast (10)
 y - a wand of acid (6)
 G - a wand of paralysis (10)
 H - a wand of digging (5)
 M - a wand of polymorph (5)
Scrolls
 b - a scroll of vulnerability {unknown}
 c - 4 scrolls of teleportation
 d - 6 scrolls of remove curse
 h - 2 scrolls of noise {unknown}
 i - 3 scrolls of enchant armour {unknown}
 k - a scroll of blinking {unknown}
 m - a scroll of holy word {unknown}
 o - 2 scrolls of enchant weapon
 p - 3 scrolls of fear
 s - 3 scrolls of immolation {unknown}
 C - 3 scrolls of magic mapping
 F - a scroll of amnesia {unknown}
 J - a scroll of fog
Potions
 e - 2 potions of cancellation
 g - 10 potions of curing
 j - a potion of ambrosia
 l - 3 potions of haste
 n - a potion of mutation
 q - a potion of stabbing
 r - 2 potions of flight
 u - a potion of might
 x - 3 potions of resistance
 z - 5 potions of heal wounds
 A - a potion of berserk rage


   Skills:
 + Level 9.5 Fighting
 * Level 10.7 Maces & Flails
 + Level 9.1 Armour
 * Level 8.9 Dodging
 - Level 3.6 Shields


You had 10 spell levels left.
You didn't know any spells.
Your spell library was empty.

Dungeon Overview and Level Annotations

Branches:
Dungeon (11/15)            Temple (0/1) D:6            Lair (0/6) D:8
    Orc (0/2) D:11        Ossuary (visited)

Altars:
Cheibriados
Dithmenos
Fedhas
Makhleb
Nemelex Xobeh
Okawaru
Ru
Trog
Vehumet
Wu Jian
Xom
Zin
The Shining One

Shops:
D:6 ?   D:9 :


Innate Abilities, Weirdness & Mutations

You are resistant to torment.
Your stone body is resilient. (AC +8)
You are immune to poison.
You resist negative energy. (rN+)
You are resistant to electric shocks. (rElec)
You can survive without breathing.
You are immune to petrification.
You are immune to rotting.


Message History

You feel yourself slow down.
You now have 706 gold pieces (gained 20).
Items here: ) [ ††.
You start resting.
You feel yourself speed up.
Okay, then.
You start resting.
You recover from your berserk rage.
You start resting.
A stone giant is nearby!
Unknown command.
A stone giant is nearby!
Unknown command.
The stone giant shouts!
The stone giant throws a large rock.
The large rock hits you!!!
Ouch! That really hurt!
* * * LOW HITPOINT WARNING * * *
You see here a large rock.
The stone giant hits you!!
You die...

..# #........'.#
#(...# ###
#########.### #....#
# ...#...### #....# #
...#...# #....# #
...#...# ###.###
######'## #...#
#).)#...### #.### ###
#...#...C.# ##'######
..#
#:.!#...#@###.......#
..#
##H###'##(.##.......#
..#
#..(#...##.##.....>.#
..#
+...'...##)##.......#
.)+
#.(.#...##..#.......#
..#
###########.'.......#
### #.# ###.......#
#.# ##...#### #.#
####..#####


You could see a stone giant.

Vanquished Creatures
  Josephine (D:11)
  A tengu warrior (D:11)
  2 skeletal warriors
  Pikel (D:8)
  A manticore (D:11)
  2 centaur zombies
  Maurice (D:9)
  A troll (D:11)
  A hippogriff (D:9)
  5 yaks
  3 wyverns
  A vampire (D:11)
  5 wraiths
  Edmund (D:5)
  3 porcupines (D:8)
  3 ogres
  4 orc warriors
  A black bear (D:8)
  An ice beast (D:9)
  2 phantoms
  A sky beast (D:7)
  6 centaurs
  4 lemures (D:8)
  A crocodile (D:8)
  Blork the orc (D:5)
  A big kobold (D:7)
  5 bullfrogs
  A gnoll sergeant (D:6)
  2 wyvern zombies
  3 scorpions
  6 killer bees (D:10)
  6 wights
  3 howler monkeys
  A bullfrog zombie (D:11)
  A jelly (D:9)
  6 orc priests
  7 hounds
  Crazy Yiuf (D:5)
  A bullfrog skeleton (D:11)
  11 orc wizards
  5 iguanas
  6 worker ants
  A statue (D:7)
  A killer bee zombie (D:8)
  A hound skeleton (D:9)
  9 mummies
  Robin (D:2)
  11 gnolls
  A howler monkey skeleton (D:8)
  8 adders
  2 shadow imps
  A white imp (D:9)
  2 ufetubi
  2 adder zombies
  2 adder skeletons
  3 worms
  3 dart slugs
  5 leopard geckos
  47 orcs
  A ball python (D:7)
  9 giant cockroaches
  7 hobgoblins
  16 jackals
  3 quokkas
  10 bats
  8 frilled lizards
  20 goblins
  2 hobgoblin zombies (Ossuary)
  33 kobolds
  3 kobold zombies (Ossuary)
  A leopard gecko skeleton (D:4)
  3 orc zombies (Ossuary)
  A quokka skeleton (D:7)
  9 rats
345 creatures vanquished.

Vanquished Creatures (collateral kills)
  2 skeletal warriors (D:11)
2 creatures vanquished.

Vanquished Creatures (others)
  24 fungi (D:8)
  21 plants
45 creatures vanquished.

Grand Total: 392 creatures vanquished

Notes
Turn   | Place    | Note
-------+----------+-------------------------------------------
     0 | D:1      | Borgoz the Gargoyle Berserker began the quest for the Orb.
     0 | D:1      | Reached XP level 1. HP: 14/14 MP: 1/1
   112 | D:1      | Reached XP level 2. HP: 19/19 MP: 2/2
   426 | D:1      | Reached XP level 3. HP: 23/23 MP: 3/3
   680 | D:1      | Reached ** piety under Trog
  1212 | D:2      | Found a faded altar of an unknown god.
  1491 | D:2      | Reached XP level 4. HP: 19/29 MP: 4/4
  2017 | D:2      | Noticed Robin
  2069 | D:2      | Killed Robin
  2203 | D:3      | Reached XP level 5. HP: 33/33 MP: 5/5
  2383 | D:3      | Reached *** piety under Trog
  2630 | D:3      | Found a burning altar of Makhleb.
  2766 | D:3      | Reached skill level 4 in Maces & Flails
  2939 | D:4      | Reached XP level 6. HP: 34/39 MP: 6/6
  3037 | D:4      | Found a snail-covered altar of Cheibriados.
  3188 | D:4      | Found an iron altar of Okawaru.
  3463 | D:4      | Found an ornate altar of the Wu Jian Council.
  3507 | D:5      | Entered Level 5 of the Dungeon
  3607 | D:5      | Reached skill level 5 in Fighting
  3607 | D:5      | Reached XP level 7. HP: 22/44 MP: 7/7
  4054 | D:5      | Noticed Blork the orc
  4068 | D:5      | Killed Blork the orc
  4068 | D:5      | Reached skill level 5 in Maces & Flails
  4068 | D:5      | Reached skill level 5 in Armour
  4131 | D:5      | Found a sacrificial altar of Ru.
  4244 | D:5      | Found a shimmering altar of Xom.
  4299 | D:5      | Noticed Edmund
  4328 | D:5      | Killed Edmund
  4328 | D:5      | Reached XP level 8. HP: 29/51 MP: 8/8
  4556 | D:5      | Found a glowing golden altar of the Shining One.
  4688 | D:5      | Found a runed translucent door.
  4702 | D:5      | Noticed Crazy Yiuf
  4890 | D:5      | Killed Crazy Yiuf
  5028 | D:6      | Reached **** piety under Trog
  5554 | D:6      | Found Qiroqy's Magic Scroll Emporium.
  5559 | D:6      | Bought 2 scrolls of identify for 52 gold pieces
  5565 | D:6      | Bought a scroll of teleportation for 39 gold pieces
  5565 | D:6      | Bought a scroll of magic mapping for 45 gold pieces
  5601 | D:6      | Found a staircase to the Ecumenical Temple.
  6094 | D:7      | Found a radiant altar of Vehumet.
  6265 | D:7      | Reached skill level 6 in Maces & Flails
  6265 | D:7      | Reached skill level 1 in Shields
  6374 | D:7      | Reached XP level 9. HP: 52/56 MP: 9/9
  6700 | D:7      | Reached skill level 5 in Dodging
  6745 | D:7      | Reached ***** piety under Trog
  7463 | D:8      | Found a staircase to the Lair.
  7506 | D:8      | Found a sparkling altar of Nemelex Xobeh.
  7513 | D:8      | Reached skill level 7 in Maces & Flails
  7634 | D:8      | Found a blossoming altar of Fedhas.
  7672 | D:8      | Found a sand-covered staircase.
  7678 | Ossuary  | Entered an ossuary
  7970 | D:8      | Found a glowing silver altar of Zin.
  8172 | D:8      | Found a bloodstained altar of Trog.
  8437 | D:8      | Received a gift from Trog
  8454 | D:8      | Reached XP level 10. HP: 46/63 MP: 10/10
  8558 | D:8      | Noticed Pikel
  8607 | D:8      | Killed Pikel
  8607 | D:8      | Reached skill level 8 in Maces & Flails
  8990 | D:9      | Noticed Maurice
  8999 | D:9      | Killed Maurice
  9354 | D:9      | Found Ateomui's Book Shop.
  9502 | D:9      | Found a shadowy altar of Dithmenos.
  9684 | D:10     | Entered Level 10 of the Dungeon
  9933 | D:10     | Reached skill level 9 in Maces & Flails
 10242 | D:10     | Reached XP level 11. HP: 69/69 MP: 11/11
 10593 | D:11     | Found a staircase to the Orcish Mines.
 10807 | D:11     | Noticed a skeletal warrior
 10807 | D:11     | Noticed a skeletal warrior
 10807 | D:11     | Noticed a skeletal warrior
 10807 | D:11     | Noticed a skeletal warrior
 10816 | D:11     | Killed a skeletal warrior
 10820 | D:11     | HP: 2/103 [skeletal warrior/+3 trident (5)]
 11013 | D:10     | Killed a skeletal warrior
 11185 | D:10     | Received a gift from Trog
 11272 | D:11     | Killed a skeletal warrior
 11272 | D:11     | Reached skill level 10 in Maces & Flails
 11277 | D:11     | Killed a skeletal warrior
 11783 | D:11     | Noticed a tengu warrior
 11783 | D:11     | Noticed a stone giant
 11783 | D:11     | Noticed a manticore
 11989 | D:11     | Noticed Josephine
 12011 | D:11     | Killed Josephine
 12283 | D:11     | Killed a tengu warrior
 12290 | D:11     | Killed a manticore
 12536 | D:11     | Slain by a stone giant

Illustrated notes

Levels and vault maps discovered:
D:1:      lemuel_arrival_hallway, layout_basic, serial_co_window_serial,
          co_window_paths_a, co_window_paths_a, co_window_corner_a,
          co_window_paths_a, co_window_cross_1, co_window_unsneaky_path_b,
          co_window_corner_b, co_window_2corner, co_window_of_opportunity_c,
          co_window_broadway_b, co_window_corner_cb, glass_columns_a,
          glass_columns_a, glass_columns_a, glass_columns_b,
          chequers_serial_rivers_micro_a
D:2:      layout_rooms, chequers_ecumenical_altar_island, uniq_robin
D:3:      layout_loops_ring, bloody_makhleb, kennysheep_generic_room_9
D:4:      layout_rooms, cheibriados_altar_1, kennysheep_mini,
          okawaru_altar_gauntlet_db
D:5:      layout_basic, nicolae_ru_path_of_blood,
          nicolae_tso_swordbearing_angel, xom_teletrap_fun,
          uniq_crazy_yiuf_cottage, uniq_blork_the_orc, uniq_edmund
D:6:      layout_basic, minmay_temple_entry_fiery, serial_shops,
          kennysheep_little_box, minmay_misc_feat_rugged, minmay_hedge_maze,
          chequers_serial_rivers_micro_b
D:7:      kennysheep_kobold_camp, layout_rooms, vehumet_statue,
          minmay_misc_feat_five, minmay_fractal_squares_diagonal_5
D:8:      layout_cave_pods, nemelex_xobeh_ov_fountains_minmay,
          old_standard_altar, fedhas_ov_isle_minmay,
          nicolae_overflow_crystal_walls, due_lair_maze_entry_diamond,
          gup_ossuary_entry_pyramid, uniq_pikel
D:9:      layout_long_grid, nicolae_overflow_hidden_temple, serial_shops,
          shop_fountains, uniq_maurice
D:10:     layout_roguey, hangedman_decor_peaks_small
D:11:     layout_roguey, orc_0_dummy, minmay_evil_grid, uniq_josephine

Skill      XL: |  1  2  3  4  5  6  7  8  9 10 11 |
---------------+----------------------------------+-----
Dodging        | 2 3 4 6 7 8 |  8.9
Armour         | 3 4 5 6 7 8 9 |  9.1
Fighting       | 4 5 6 7 8 9 |  9.5
Maces & Flails | 4 5 6 7 9 10 | 10.7
Shields        | 1 3 |  3.6

Action                   |  1- 3 |  4- 6 |  7- 9 | 10-12 || total
-------------------------+-------+-------+-------+-------++-------
Melee: Mace              |   127 |   254 |   622 |       ||  1003
       Great mace        |       |       |     5 |   413 ||   418
Invok: Berserk           |     2 |     3 |     4 |     5 ||    14
       Trog's Hand       |       |     2 |     2 |     2 ||     6
       Brothers in Arms  |       |       |       |     1 ||     1
  Use: Potion            |     2 |     2 |       |       ||     4
       Scroll            |       |     1 |    14 |     2 ||    17
 Stab: Sleeping          |       |     2 |       |       ||     2
Armor: Animal skin       |    50 |    53 |       |       ||   103
       Ring mail         |       |    60 |       |       ||    60
       Scale mail        |       |    24 |   373 |   316 ||   713
       Skin              |       |       |       |    30 ||    30
Dodge: Dodged            |   106 |   225 |   417 |   391 ||  1139
Block: Buckler           |       |       |   195 |       ||   195

Table legend: (Time is in decaauts)
 A = Elapsed time spent in this place.
 B = Non-inter-level travel time spent in this place.
 C = Inter-level travel time spent in this place.
 D = Time resting spent in this place.
 E = Time spent auto-exploring this place.
 F = Levels seen in this place.
 G = Mean time per level.
                   A        B        C        D        E       F      G
               +--------+--------+--------+--------+--------+-----+--------+
         Total |  12920 |  12543 |    377 |   1881 |   7827 |  12 | 1076.7 |
       Dungeon |  12672 |  12295 |    377 |   1881 |   7708 |  11 | 1152.0 |
       Ossuary |    247 |    247 |      0 |      0 |    119 |   1 |  247.0 |
               +--------+--------+--------+--------+--------+-----+--------+

Top non-repeatable levels by time:
    D:11: 1577 daAuts
     D:8: 1467 daAuts
     D:5: 1449 daAuts
    D:10: 1368 daAuts
     D:7: 1246 daAuts
     D:1: 1231 daAuts
     D:6: 1175 daAuts
     D:2: 1059 daAuts
     D:9: 747 daAuts
     D:3: 745 daAuts
     D:4: 602 daAuts
 Ossuary: 247 daAuts
